 Dungeon Crawl Stone Soup version 0.30.0-19-g36f170ea60 (webtiles) character file.

Game seed: 1161104700258141899

443 BlasphemerAmon the Grave Robber (level 6, 0/32 HPs)
             Began as a Deep Elf Necromancer on May 28, 2023.
             Slain by a scorpion (7 damage)
             ... on level 4 of the Dungeon.
             The game lasted 00:05:48 (4260 turns).

BlasphemerAmon the Grave Robber (DENe)              Turns: 4260, Time: 00:05:48

Health: 0/32       AC:  3    Str: 11    XL:     6   Next: 71%
Magic:  6/17       EV: 13    Int: 22    God:
Gold:   189        SH:  0    Dex: 15    Spells: 5/18 levels left

rFire   . . .        j - +3 quarterstaff (chaos)
rCold   . . .        (shield currently unavailable)
rNeg    . . .        a - +0 robe
rPois   .            (no helmet)
rElec   .            i - +0 cloak
rCorr   .            (no gloves)
SInv    +            (no boots)
Will    .....        (no amulet)
Stlth   ++           n - +6 ring of strength
HPRegen 0.25/turn    p - ring of see invisible {sInv}
MPRegen 0.15/turn

%: no passive effects
@: no status effects
A: no striking features
a: no special abilities


You were on level 4 of the Dungeon.
You visited 1 branch of the dungeon, and saw 5 of its levels.

You collected 189 gold pieces.

Inventory:

Hand Weapons
 j - a +3 quarterstaff of chaos (weapon)
   (You took it off Crazy Yiuf on level 2 of the Dungeon)
Armour
 a - a +0 robe (worn)
 i - a +0 cloak (worn)
   (You took it off Crazy Yiuf on level 2 of the Dungeon)
 t - the +1 leather armour of the Jackalope {rN+ Will++ Dex-2 Stlth+}
   (You found it on level 4 of the Dungeon)

   Dex:       It affects your dexterity (-2).
   rN:        It protects you from negative energy.
   Will:      It greatly increases your willpower.
   Stlth:     It makes you more stealthy.
Magical Staves
 h - a staff of earth
   (You found it on level 2 of the Dungeon)
Jewellery
 n - a +6 ring of strength (left hand)
   (You found it on level 3 of the Dungeon)
 p - a ring of see invisible (right hand) {sInv}
   (You found it on level 4 of the Dungeon)
 C - a ring of protection from cold {rC+}
   (You found it on level 4 of the Dungeon)
 F - a ring of protection from fire {rF+}
   (You found it on level 1 of the Dungeon)
Wands
 q - a wand of flame (22)
   (You found it on level 4 of the Dungeon)
Scrolls
 c - 3 scrolls of fog
 d - 4 scrolls of identify {@r1}
 e - 3 scrolls of teleportation {unknown}
 g - a scroll of magic mapping {unknown}
 k - a scroll of immolation {unknown}
 l - a scroll of brand weapon {unknown}
 m - a scroll of poison {unknown}
 o - a scroll of vulnerability {unknown}
 s - a scroll of butterflies {unknown}
 u - a scroll of enchant armour {unknown}
Potions
 b - 3 potions of curing {@q1, !d}
 f - a potion of berserk rage {unknown}
 r - a potion of resistance {unknown}
 v - a potion of heal wounds {unknown}


   Skills:
 + Level 3.4 Dodging
 - Level 2.4 Stealth
 * Level 6.6 Spellcasting
 * Level 7.0 Necromancy
 + Level 2.3 Ice Magic


You had 5 spell levels left.
You knew the following spells:

 Your Spells              Type           Power      Damage    Failure   Level
a - Necrotise             Necr           100%       1d9       1%          1
b - Agony                 Necr           38%        N/A       13%         5
d - Animate Dead          Necr           38%        N/A       4%          4
x - Vampiric Draining     Necr           38%        2d8       1%          3

Your spell library contained the following spells:

 Spells                   Type           Power      Damage    Failure   Level
 Sublimation of Blood     Necr           38%        N/A       1%          2
 Petrify                  Tmut/Erth      7%         N/A       65%         4
 Irradiate                Conj/Tmut      3%         3d12      94%         5
 Simulacrum               Ice/Necr       14%        N/A       88%         6
 Ozocubu's Refrigeration  Ice            8%         4d9       100%        7
 Polar Vortex             Ice            8%         N/A       100%        9


Dungeon Overview and Level Annotations

Branches:
Dungeon (5/15)
 Temple: D:4-7

Altars:
Cheibriados
Fedhas
Hepliaklqana
Makhleb
Ru
Xom
The Shining One

Shops:
D:4 *


Message History

Done exploring.
Done exploring.
You see here a +0 shortbow.
Your adder skeleton crumbles into dust!
There is a stone staircase leading down here.
You climb downwards.
Found a sedimented red potion and a rapier.
Found an escape hatch in the floor.
Found two stone staircases leading down.
There is a stone staircase leading up here.
The hound barks!
The hound writhes in agony.
The ufetubus shouts!
You hear a shout! x2
You now have 16/17 mp.
The hound writhes in agony.
A scorpion comes into view.
The hound misses you.
You now have 15/17 mp.
The hound writhes in agony!
The hound misses you. The sleepcap releases spores at you.
You take 3 damage, and have 29/32 hp.
You now have 14/17 mp.
The hound writhes in agony.
You kill the hound!
The dead are walking!
The sleepcap barely misses you. The ufetubus misses you.
The ufetubus barely misses you.
A gnoll comes into view.
It is wielding a +2 flail of protection.
You now have 13/17 mp.
The sleepcap writhes in agony.
The ufetubus barely misses you. The ufetubus closely misses you.
Your hound skeleton bites the sleepcap.
The sleepcap releases spores at you.
You are engulfed in a cloud of soporific spores!
You fall asleep.
You wake up.
You take 6 damage, and have 24/32 hp.
You now have 12/17 mp.
Casting: Necrotise (safe; 1% risk of failure)
Aiming: Vampiric Draining (safe; 1% risk of failure)
Aim: a sleepcap (moderately damaged, ally target)
You draw life force from the sleepcap!
You feel life coursing into your body. The ufetubus barely misses you.
The ufetubus closely misses you.
Your hound skeleton bites the sleepcap.
The ufetubus hits you. The ufetubus closely misses you.
The sleepcap releases spores at you.
You now have 10/17 mp.
Casting: Vampiric Draining (safe; 1% risk of failure)
Aiming: Vampiric Draining (safe; 1% risk of failure)
Aim: a sleepcap (heavily damaged, ally target)
You draw life force from the sleepcap!
You destroy the sleepcap!
You feel life coursing into your body. The ufetubus misses you.
The ufetubus hits you but does no damage.
Your Necromancy skill increases to level 7!
You regained 6 hp, and now have 30/32 hp.
You now have 7/17 mp.
The ufetubus barely misses you. x2
Your hound skeleton barely misses the scorpion.
The ufetubus closely misses you. x2
You climb upwards.
There is a stone staircase leading down here.
You sock the ufetubus!
You kill the ufetubus!
No target in view!
You climb downwards.
The scorpion stings you.
You are poisoned.
The scorpion poisons you!
The gnoll throws a throwing net.
The throwing net hits you.
You become entangled in the net!
The scorpion stings you.
There is a stone staircase leading up, spattered with blood here.
You see here a throwing net {=f, !d}.
You take 7 damage, and have 24/32 hp.
MASSIVE DAMAGE!!
You tear a large gash into the net.
You feel very sick. The scorpion stings you.
You take 5 damage, and have 19/32 hp.
You struggle against the net.
You feel sick. The scorpion stings you.
You are lethally poisoned!
The scorpion poisons you!
A gnoll comes into view. It is wielding a +0 club.
You take 6 damage, and have 13/32 hp.
You rip the net and break free!
You feel very sick. The scorpion stings you.
* * * LOW HITPOINT WARNING * * *
The scorpion closely misses you.
You take 8 damage, and have 5/32 hp.
MASSIVE DAMAGE!!
It was a potion of curing.
You feel better. The gnoll misses you. The scorpion stings you.
* * * LOW HITPOINT WARNING * * *
You regained 3 hp, and now have 8/32 hp.
The gnoll shouts!
You hear a shout!
The gnoll hits you with a +2 flail of protection!
* * * LOW HITPOINT WARNING * * *
The scorpion closely misses you.
You climb upwards.
There is a stone staircase leading down here.
You take 6 damage, and have 2/32 hp.
Casting: Vampiric Draining (safe; 1% risk of failure)
Aiming: Vampiric Draining (safe; 1% risk of failure)
Aim: a gnoll, wielding a +2 flail of protection You draw life force from the gnoll!
You feel life coursing into your body. The scorpion stings you!
You die...

.....# #.###.).......##..#####
.....# #.##..........##.## #
.....# #.##.............# .....#
#.##..#..........###### #.####
#....##....>[.##......# #..#
#...###..#.....######.. ##.#
##..###..##.......#....# #.#
#...# #.g###.##.......## #)#
####...###@s###.####...###
#.####....#.#...###..# ##.....##
#..##..##.#.#.#.##...###...#...#
##.#..##..#.....##.#........##.#
#.#.###.##..#.###.##....##.##.<
#.#.###.##.##.# #.#...####..#..
###..........##.# #....## ##....
#............##.###..#.#######...
..#.#........#.......#...........


You could see a scorpion and a gnoll.

Vanquished Creatures
  3 hounds (D:4 D:5)
  An orc priest (D:4)
  2 iguanas (D:4)
  A sleepcap (D:5)
  Crazy Yiuf (D:2)
  2 orc wizards (D:4)
  4 gnolls (D:2)
  6 adders (D:3 D:4)
  An ufetubus (D:4)
  2 worms (D:2 D:3)
  A dart slug (D:1)
  4 endoplasms (D:1 D:2 D:4)
  2 giant cockroaches (D:1 D:3)
  2 goblins (D:2 D:4)
  10 hobgoblins (D:1 D:2 D:3 D:4)
  3 jackals (D:1)
  6 kobolds (D:1 D:2)
  3 quokkas (D:2)
  6 ball pythons (D:1 D:2)
  5 bats (D:1 D:3)
  4 frilled lizards (D:1 D:2 D:3)
  6 rats (D:1 D:3)
75 creatures vanquished.

Vanquished Creatures (collateral kills)
  A rat (D:1)
1 creature vanquished.

Grand Total: 76 creatures vanquished

Notes
Turn   | Place    | Note
-------+----------+-------------------------------------------
     0 | D:1      | BlasphemerAmon the Deep Elf Necromancer began the quest for
                  | the Orb.
     0 | D:1      | Reached XP level 1. HP: 10/10 MP: 6/6
    95 | D:1      | Found a faded altar of an unknown god.
   149 | D:1      | Reached skill level 5 in Necromancy
   219 | D:1      | Reached XP level 2. HP: 15/15 MP: 5/8
   409 | D:1      | HP: 7/15 [dart slug/slug dart (3)]
   414 | D:1      | HP: 6/15 [kobold/+0 short sword (2)]
   778 | D:1      | Reached XP level 3. HP: 19/19 MP: 7/10
  1008 | D:1      | Reached skill level 4 in Spellcasting
  1325 | D:1      | Learned a level 3 spell: Vampiric Draining
  1451 | D:2      | Reached skill level 3 in Dodging
  1467 | D:2      | Found a runed translucent door.
  1468 | D:2      | Noticed Crazy Yiuf
  1579 | D:2      | HP: 5/19 [gnoll/+0 spear (6)]
  1600 | D:2      | HP: 8/19 [gnoll/+0 spear (2)]
  1606 | D:2      | Reached XP level 4. HP: 8/24 MP: 6/12
  2546 | D:2      | Killed Crazy Yiuf
  2547 | D:2      | Reached skill level 5 in Spellcasting
  2748 | D:3      | Learned a level 4 spell: Animate Dead
  3217 | D:3      | Reached XP level 5. HP: 28/28 MP: 14/14
  3224 | D:3      | Found a shimmering altar of Xom.
  3224 | D:3      | Found a hazy altar of Hepliaklqana.
  3224 | D:3      | Found a snail-covered altar of Cheibriados.
  3232 | D:3      | Learned a level 5 spell: Agony
  3232 | D:3      | Found a blossoming altar of Fedhas.
  3234 | D:3      | Found a sacrificial altar of Ru.
  3235 | D:3      | Found a burning altar of Makhleb.
  3243 | D:3      | Found a glowing golden altar of the Shining One.
  3408 | D:4      | Reached skill level 6 in Necromancy
  3408 | D:4      | Reached skill level 1 in Ice Magic
  3684 | D:4      | Found Zeing's Fire Supplies.
  3726 | D:4      | Identified the +1 leather armour of the Jackalope {rN+
                  | Will++ Dex-2 Stlth+}
  3764 | D:4      | Reached skill level 6 in Spellcasting
  3764 | D:4      | Reached XP level 6. HP: 19/32 MP: 11/17
  3775 | D:4      | Reached skill level 2 in Ice Magic
  4241 | D:5      | Entered Level 5 of the Dungeon
  4249 | D:5      | Reached skill level 7 in Necromancy
  4255 | D:5      | HP: 13/32 [scorpion (4)]
  4256 | D:5      | HP: 5/32 [scorpion (5)]
  4258 | D:5      | HP: 1/32 [gnoll/+2 flail of protection (7)]
  4260 | D:4      | Slain by a scorpion

Illustrated notes

Levels and vault maps discovered:
D:1:      elethiomel_arrival_shortcut, layout_basic,
          dreamdust_ecumenical_altar_angels_and_demons
D:2:      layout_basic, uniq_crazy_yiuf_cottage
D:3:      layout_basic, minitemple
D:4:      layout_rooms, nicolae_shop_fire_sale [nicolae_sub_dead_trees]
D:5:      layout_rooms, minmay_temple_entry_enclosed_plants, serial_shops, shop

Skill      XL: |  1  2  3  4  5  6 |
---------------+-------------------+-----
Necromancy     | 5 6 7 |  7.0
Spellcasting   | 4 5 6 |  6.6
Dodging        | 3 |  3.4
Ice Magic      | 1 2 |  2.3
Stealth        | |  2.4

Action                     |  1- 3 |  4- 6 || total
---------------------------+-------+-------++-------
  Melee: Unarmed           |    11 |       ||    11
         Quarterstaff      |       |    19 ||    19
   Cast: Necrotise         |    59 |    66 ||   125
         Vampiric Draining |     2 |    10 ||    12
    Use: Potion            |     1 |     1 ||     2
         Scroll            |     1 |       ||     1
   Stab: Sleeping          |       |     1 ||     1
 Armour: Robe              |     6 |     8 ||    14
  Dodge: Dodged            |    37 |    41 ||    78

Levels and vault maps discovered:
D:1:      elethiomel_arrival_shortcut, layout_basic,
          dreamdust_ecumenical_altar_angels_and_demons
D:2:      layout_basic, uniq_crazy_yiuf_cottage
D:3:      layout_basic, minitemple
D:4:      layout_rooms, nicolae_shop_fire_sale [nicolae_sub_dead_trees]
D:5:      layout_rooms, minmay_temple_entry_enclosed_plants, serial_shops, shop

Table legend: (Time is in decaauts)
 A = Elapsed time spent in this place.
 B = Non-inter-level travel time spent in this place.
 C = Inter-level travel time spent in this place.
 D = Time resting spent in this place.
 E = Time spent auto-exploring this place.
 F = Levels seen in this place.
 G = Mean time per level.
                   A        B        C        D        E       F      G
               +--------+--------+--------+--------+--------+-----+--------+
         Total |   4263 |   4158 |    105 |    540 |   3147 |   5 |  852.6 |
       Dungeon |   4263 |   4158 |    105 |    540 |   3147 |   5 |  852.6 |
               +--------+--------+--------+--------+--------+-----+--------+

Top non-repeatable levels by time:
     D:1: 1378 daAuts
     D:2: 1241 daAuts
     D:4: 847 daAuts
     D:3: 781 daAuts
     D:5: 15 daAuts

Table legend:
 A = Kills in this place as a percentage of kills in the entire game.
 B = Kills by you in this place as a percentage of kills by you in the entire game.
 C = Kills by friends in this place as a percentage of kills by friends in the entire game.
 D = Other kills in this place as a percentage of other kills in the entire game.
 E = Experience gained in this place as a percentage of experience gained in the entire game.
 F = Experience gained in this place divided by the number of levels of this place that you have seen.
                   A       B       C       D       E      F
               +-------+-------+-------+-------+-------+----------------------
         Total | 100.0 | 100.0 | 100.0 |   N/A | 100.0 | 126.6
       Dungeon | 100.0 | 100.0 | 100.0 |   N/A | 100.0 | 126.6
               +-------+-------+-------+-------+-------+----------------------
